 Dungeon Sprint DCSS version 0.20-a0-46-g4a4b873 (webtiles) character file.

637 Faca the Protected (level 7, -6/72 HPs)
             Began as a Minotaur Fighter on Nov 14, 2016.
             Was an Elder of Trog.
             Mangled by a freezing wraith (13 damage)
             ... in the Dungeon (Sprint VII: "The Pits").
             The game lasted 00:08:07 (760 turns).

Faca the Protected (Minotaur Fighter)                Turns: 760, Time: 00:08:08

Health: -6/72      AC: 16    Str: 21    XL:     7   Next: 25%
Magic:  6/6        EV:  7    Int:  5    God:    Trog [****..]
Gold:   0          SH: 12    Dex: 11    Spells: 0 memorised, 6 levels left

rFire  . . .     SeeInvis .     n - +2 falchion
rCold  . . .     Gourm    .     s - +3 chain mail
rNeg   . . .     Faith    .     c - +0 shield
rPois  +         Spirit   .     (helmet restricted)
rElec  .         Reflect  .     b - +0 cloak {rPois}
rCorr  .         Harm     .     (no gloves)
MR     .....     NoTele   +     (no boots)
Stlth  ..........               (no amulet)
                                (no ring)
                                (no ring)

@: slowed, very slow
A: retaliatory headbutt, horns 2
a: Berserk, Trog's Hand, Brothers in Arms, Burn Spellbooks, Renounce Religion


You were in the Dungeon.
You worshipped Trog.
Trog was greatly pleased with you.
You were full.

You visited 1 branch

Inventory:

Hand Weapons
 l - a +2 hand axe
 m - a +2 trident
 n - a +2 falchion (weapon)
 t - a +1 long sword of holy wrath
Armour
 b - a +0 cloak of poison resistance (worn)
 c - a +0 shield (worn)
 s - a +3 chain mail (worn)
Scrolls
 k - a scroll of blinking
 o - 3 scrolls of remove curse
 p - a scroll of summoning
Potions
 a - 2 potions of invisibility
 d - a potion of might
 e - 6 potions of curing
 g - 3 potions of heal wounds
 h - a potion of haste
 i - 4 potions of magic
 j - 3 potions of berserk rage
Comestibles
 f - 7 bread rations
 q - 40 fruits
 r - 6 meat rations


   Skills:
 + Level 10.1 Fighting
 + Level 9.5 Long Blades
 + Level 10.2 Armour
 + Level 10.1 Shields


You had 6 spell levels left.
You didn't know any spells.

Dungeon Overview and Level Annotations

Branches:
Dungeon (1/1)

Altars:
Ashenzari
Cheibriados
Dithmenos
Elyvilon
Fedhas
Gozag
Hepliaklqana
Kikubaaqudgha
Makhleb
Nemelex Xobeh
Okawaru
Qazlal
Ru
Sif Muna
Trog
Uskayaw
Vehumet
Xom
Yredelemnul
Zin
The Shining One
Beogh
Jiyva
Lugonu


Innate Abilities, Weirdness & Mutations

You reflexively headbutt those who attack you in melee.
You have a pair of horns on your head.


Message History

Your headbutt misses the freezing wraith.
The freezing wraith hits you but does no damage.
The freezing wraith barely misses you.
You closely miss the freezing wraith.
You headbutt the freezing wraith, but do no damage.
The freezing wraith barely misses you. You block the freezing wraith's attack.
You hit the freezing wraith.
The freezing wraith is lightly damaged.
You block the freezing wraith's attack.
The freezing wraith hits you but does no damage.
You block the freezing wraith's attack. The freezing wraith hits you!
* * * LOW HITPOINT WARNING * * *
The freezing wraith drains your vigour!
You feel as though you will be slow longer.
You closely miss the freezing wraith.
The freezing wraith is lightly damaged.
The freezing wraith hits you.
* * * LOW HITPOINT WARNING * * *
The freezing wraith freezes you!
You die...

#.#........##.......#
.#
#)###########.......#
## #......)#
######### #..###..#
#....†..# ##.###.##+#
#.......#.+
#..###..#W#
#......('@#
###########


You could see a freezing wraith.

Vanquished Creatures
  Prince Ribbit (D)
  A hungry ghost (D)
  A floating eye (D)
  A big kobold (D)
  A quasit (D)
  Crazy Yiuf (D)
  Jessica (D)
  2 gnolls (D)
  A river rat (D)
  An ufetubus (D)
  An ooze (D)
  2 giant cockroaches (D)
  A kobold (D)
  A bat (D)
16 creatures vanquished.

Notes
Turn   | Place    | Note
-------+----------+-------------------------------------------
     0 | D        | Faca the Minotaur Fighter began the quest for the Orb.
     0 | D        | Reached XP level 1. HP: 19/19 MP: 0/0
    61 | D        | Reached XP level 2. HP: 15/28 MP: 1/1
   201 | D        | Found a radiant altar of Vehumet.
   201 | D        | Found a hide-covered altar of Uskayaw.
   201 | D        | Found an ancient bone altar of Kikubaaqudgha.
   201 | D        | Found a viscous altar of Jiyva.
   201 | D        | Found a hazy altar of Hepliaklqana.
   202 | D        | Found a bloodstained altar of Trog.
   202 | D        | Found a deep blue altar of Sif Muna.
   202 | D        | Found a sacrificial altar of Ru.
   202 | D        | Found a stormy altar of Qazlal.
   202 | D        | Found an iron altar of Okawaru.
   202 | D        | Found a sparkling altar of Nemelex Xobeh.
   202 | D        | Found an opulent altar of Gozag.
   202 | D        | Found a blossoming altar of Fedhas.
   202 | D        | Found a white marble altar of Elyvilon.
   202 | D        | Found a shadowy altar of Dithmenos.
   202 | D        | Found a snail-covered altar of Cheibriados.
   203 | D        | Found a glowing golden altar of the Shining One.
   203 | D        | Found a glowing silver altar of Zin.
   204 | D        | Found a burning altar of Makhleb.
   204 | D        | Found a basalt altar of Yredelemnul.
   204 | D        | Found a roughly hewn altar of Beogh.
   205 | D        | Found a corrupted altar of Lugonu.
   205 | D        | Found a shimmering altar of Xom.
   205 | D        | Found a shattered altar of Ashenzari.
   214 | D        | Became a worshipper of Trog the Wrathful
   258 | D        | Reached skill level 5 in Armour
   258 | D        | Reached skill level 5 in Shields
   262 | D        | Noticed a floating eye
   264 | D        | Paralysed by a floating eye for 4 turns
   271 | D        | Killed a floating eye
   271 | D        | Reached * piety under Trog
   271 | D        | Reached skill level 5 in Long Blades
   271 | D        | Reached XP level 3. HP: 38/38 MP: 2/2
   271 | D        | Reached XP level 4. HP: 45/45 MP: 3/3
   280 | D        | Noticed a hungry ghost
   282 | D        | Reached ** piety under Trog
   286 | D        | Reached XP level 5. HP: 49/52 MP: 4/4
   308 | D        | Killed a hungry ghost
   308 | D        | Reached XP level 6. HP: 57/62 MP: 5/5
   389 | D        | Noticed Crazy Yiuf
   402 | D        | Killed Crazy Yiuf
   402 | D        | Reached *** piety under Trog
   543 | D        | Noticed Jessica
   544 | D        | Noticed Prince Ribbit
   546 | D        | Killed Jessica
   563 | D        | Killed Prince Ribbit
   563 | D        | Reached **** piety under Trog
   563 | D        | Reached skill level 10 in Armour
   563 | D        | Reached XP level 7. HP: 36/71 MP: 6/6
   737 | D        | Reached skill level 10 in Fighting
   737 | D        | Reached skill level 10 in Shields
   740 | D        | Noticed a freezing wraith
   760 | D        | Mangled by a freezing wraith

Vault maps used:
D:        pitsprint

Skill      XL: |  1  2  3  4  5  6  7 |
---------------+----------------------+-----
Fighting       | 4 6 7 8 9 10 | 10.1
Armour         | 4 6 7 8 10 | 10.2
Shields        | 4 6 7 8 9 10 | 10.1
Long Blades    | 5 6 7 9 |  9.5

Action                   |  1- 3 |  4- 6 |  7- 9 || total
-------------------------+-------+-------+-------++-------
Melee: Long sword        |     5 |       |       ||     5
       Falchion          |     8 |    50 |    20 ||    78
       Headbutt          |     2 |    11 |     6 ||    19
  Use: Potion            |       |       |     3 ||     3
  Eat: Bread ration      |       |     1 |       ||     1
       Meat ration       |       |       |     1 ||     1
Armor: Scale mail        |       |    14 |       ||    14
       Chain mail        |       |    13 |    15 ||    28
Dodge: Dodged            |     2 |    12 |     8 ||    22
Block: Shield            |     3 |    23 |    18 ||    44
       Rpst.: Falchion   |       |     3 |       ||     3
